 Dungeon Crawl Stone Soup version 0.31-a0-18-gea43df2a32 (webtiles) character file.

Game seed: 17892130299804704765

39 CowFu the Slasher (level 3, 0/29 HPs)
             Began as a Demonspawn Fighter on May 11, 2023.
             Slain by a goblin
             ... wielding a +0 club
             ... led by Robin
              (2 damage)
             ... on level 2 of the Dungeon.
             The game lasted 00:00:49 (621 turns).

CowFu the Slasher (Demonspawn Fighter)               Turns: 621, Time: 00:00:49

Health: 0/29       AC:  6    Str: 18    XL:     3   Next: 26%
Magic:  3/3        EV:  9    Int:  9    God:
Gold:   25         SH:  4    Dex: 12    Spells: 2/2 levels left

rFire   . . .        a - +0 long sword
rCold   . . .        c - +0 buckler
rNeg    . . .        b - +0 scale mail
rPois   .            (helmet restricted)
rElec   .            (no cloak)
rCorr   .            (no gloves)
SInv    .            (no boots)
Will    .....        (no amulet) Stlth
                     (no ring)
HPRegen 0.24/turn    (no ring)
MPRegen 0.08/turn

%: no passive effects
@: mighty
A: hooves 1, horns 1
a: no special abilities


You were on level 2 of the Dungeon.
You visited 1 branch of the dungeon, and saw 2 of its levels.

You collected 25 gold pieces.

Inventory:

Hand Weapons
 a - a +0 long sword (weapon)
Armour
 b - a +0 scale mail (worn)
 c - a +0 buckler (worn)
Scrolls
 e - a scroll of identify {unknown}
Potions
 f - a potion of attraction {unknown}


   Skills:
 - Level 3.0 Fighting
 + Level 3.4 Long Blades
 - Level 2.6 Armour
 - Level 2.6 Shields


You had 2 spell levels left.
You didn't know any spells.
Your spell library was empty.

Dungeon Overview and Level Annotations

Branches:
Dungeon (2/15)

Altars:


Innate Abilities, Weirdness & Mutations

You have large cloven feet.
You have a pair of small horns on your head.


Message History

You feel stronger. x2; Your demonic ancestry asserts itself...
Your feet thicken and deform.
The goblin hits you but does no damage. The goblin attacks as you move away!
The goblin closely misses you. The goblin attacks as you move away!
The goblin barely misses you.
The hobgoblin no longer looks unusually strong.
A goblin comes into view. It is wielding a +0 club.
You closely miss the goblin.
The goblin shouts!
Your kick misses the goblin. The goblin hits you with a +0 dagger.
* * * LOW HITPOINT WARNING * * *
You slash the goblin!
You kill the goblin!
The goblin no longer looks unusually strong.
The goblin hits you but does no damage.
You barely miss the goblin. The goblin hits you but does no damage.
You slash the goblin!
You kill the goblin!
You closely miss the goblin.
The goblin no longer looks unusually strong.
The goblin closely misses you. The goblin hits you but does no damage.
The goblin closely misses you.
You hit the goblin.
You kill the goblin!
The goblin hits you but does no damage.
You barely miss the goblin. Your kick misses the goblin.
The goblin hits you but does no damage.
You slice the goblin!!
You kill the goblin!
You slash the goblin!
You kill the goblin!
You barely miss the hobgoblin. You kick the hobgoblin.
The hobgoblin is severely wounded.
The hobgoblin closely misses you.
You hit the hobgoblin.
You kill the hobgoblin!
You miss the goblin. The goblin hits you with a +0 club.
* * * LOW HITPOINT WARNING * * *
You closely miss the goblin. The goblin hits you with a +0 club.
You die...

#. #. ..$... #. ......
#.####. ...... #....#.
?..... #....#. .g....
#....#. .#########......
#....+. ......)@gg#
#....#.
.########)########....##
#.)...........##
##########<..♣♣♣
#............
##.#####...♣♣♣
#..#######'#
♣.♣(......^#
#.###.######


You could see 2 goblins.

Vanquished Creatures
  Robin (D:2)
  2 bats (D:1)
  4 endoplasms (D:1)
  3 giant cockroaches (D:1)
  8 goblins (D:2)
  2 hobgoblins
  A ball python (D:1)
  A kobold (D:1)
  2 rats (D:1)
24 creatures vanquished.

Notes
Turn   | Place    | Note
-------+----------+-------------------------------------------
     0 | D:1      | CowFu the Demonspawn Fighter began the quest for the Orb.
     0 | D:1      | Reached XP level 1. HP: 18/18 MP: 1/1
   149 | D:1      | Discovered your monstrous ancestry.
   149 | D:1      | Gained mutation: You have a pair of small horns on your
                  | head. [demonic ancestry]
   149 | D:1      | Reached XP level 2. HP: 24/24 MP: 2/2
   592 | D:2      | Noticed Robin
   606 | D:2      | Killed Robin
   607 | D:2      | Gained mutation: You have large cloven feet. [demonic
                  | ancestry]
   607 | D:2      | Reached XP level 3. HP: 5/29 MP: 3/3
   621 | D:2      | Slain by a goblin

Illustrated notes

Levels and vault maps discovered:
D:1:      ldierk_walled_garden, layout_loops_ring
D:2:      layout_basic, serial_forest, infiniplex_forest_end_2,
          infiniplex_forest_corner_1, infiniplex_forest_straight_2,
          infiniplex_forest_end_3, infiniplex_forest_pool,
          infiniplex_forest_lined_corner, infiniplex_forest_straight_4,
          infiniplex_forest_lined_3_way, infiniplex_forest_clump_double,
          shapermc_ecumenical_altar_pompeii, uniq_robin

Skill      XL: |  1  2 |
---------------+-------+-----
Long Blades    | 2 3 |  3.4
Fighting       | |  3.0
Armour         | |  2.6
Shields        | |  2.6

Action                     || total
---------------------------++-------
  Melee: Long sword        ||    63
         Headbutt          ||     9
         Kick              ||     1
    Use: Potion            ||     1
 Armour: Scale mail        ||    35
  Dodge: Dodged            ||    30
  Block: Buckler           ||    12

Table legend: (Time is in decaauts)
 A = Elapsed time spent in this place.
 B = Non-inter-level travel time spent in this place.
 C = Inter-level travel time spent in this place.
 D = Time resting spent in this place.
 E = Time spent auto-exploring this place.
 F = Levels seen in this place.
 G = Mean time per level.
                   A        B        C        D        E       F      G
               +--------+--------+--------+--------+--------+-----+--------+
         Total |    641 |    632 |      9 |      0 |    492 |   2 |  320.5 |
       Dungeon |    641 |    632 |      9 |      0 |    492 |   2 |  320.5 |
               +--------+--------+--------+--------+--------+-----+--------+

Top non-repeatable levels by time:
     D:1: 552 daAuts
     D:2: 89 daAuts
